 Dungeon Crawl Stone Soup version 0.19.5 (webtiles) character file.

340 Zhenya24pyc the Cudgeler (level 6, -3/38 HPs)
             Began as a Gargoyle Fighter on May 4, 2017.
             Slain by Sigmund
             ... wielding a +1 scythe of protection
              (9 damage)
             ... on level 4 of the Dungeon.
             The game lasted 00:04:52 (3149 turns).

Zhenya24pyc the Cudgeler (Gargoyle Fighter)         Turns: 3149, Time: 00:04:53

Health: -3/38      AC: 15    Str: 20    XL:     6   Next: 56%
Magic:  6/6        EV:  7    Int:  9    God:
Gold:   184        SH:  9    Dex: 10    Spells: 0 memorised, 5 levels left

rFire  . . .     SeeInvis .     r - -1 mace (curse)
rCold  . . .     Gourm    .     b - +0 scale mail
rNeg   + . .     Faith    .     c - +0 shield
rPois  ∞         Spirit   .     o - +0 helmet
rElec  +         Reflect  .     q - +0 cloak
rCorr  .         Harm     +     s - +0 pair of gloves
MR     .....                    (no boots)
Stlth  ..........               x - amulet of harm
                                (no ring)
                                v - ring of wizardry

@: no status effects
A: negative energy resistance 1, electricity resistance, unbreathing,
petrification resistance, rot immunity, AC +4
a: no special abilities


You were on level 4 of the Dungeon.
You were not hungry.

You visited 1 branch of the dungeon, and saw 4 of its levels.

You collected 184 gold pieces.

Inventory:

Hand Weapons
 a - a +0 flail
 r - a cursed -1 mace (weapon)
Armour
 b - a +0 scale mail (worn)
 c - a +0 shield (worn)
 o - a +0 helmet (worn)
 q - a +0 cloak (worn)
 s - a +0 pair of gloves (worn)
Jewellery
 v - a ring of wizardry (left hand)
 x - an amulet of harm (around neck)
Scrolls
 g - a scroll of immolation {unknown}
 h - a scroll of noise {unknown}
 l - a scroll of teleportation {unknown}
 m - a scroll of random uselessness {unknown}
 u - a scroll of enchant armour {unknown}
 w - a scroll of identify {unknown}
Potions
 d - a potion of might
 e - a potion of berserk rage {unknown}
 i - a potion of haste {unknown}
 n - a potion of cancellation {unknown}
 p - a potion of lignification {unknown}
 t - 2 potions of heal wounds {unknown}
Comestibles
 f - 2 bread rations
 j - 3 fruits
 k - 4 meat rations
 z - 2 chunks of flesh


   Skills:
 + Level 3.9 Fighting
 * Level 5.8 Maces & Flails
 + Level 4.0 Armour
 + Level 3.9 Shields


You had 5 spell levels left.
You didn't know any spells.

Dungeon Overview and Level Annotations

Branches:
Dungeon (4/15)
 Temple: D:4-7

Altars:
Xom

Annotations:
D:4 Dowan, Duvessa, Sigmund


Innate Abilities, Weirdness & Mutations

You are resistant to torment.
Your stone body is resilient. (AC +4)
You are immune to poison.
You resist negative energy. (rN+)
You are resistant to electric shocks. (rElec)
You can survive without breathing.
You are immune to petrification.
You are immune to rotting.


Message History

You hit Dowan.
Dowan is moderately wounded.
Dowan hits you with a dagger. Something hits you.
Your shield and scale mail prevent you from hitting Dowan.
Dowan is moderately wounded.
You block Dowan's attack.
Your scale mail prevents you from hitting Dowan.
Dowan is moderately wounded.
Dowan hits you but does no damage. Something hits you.
Dowan hits you but does no damage.
You hit Dowan.
Dowan is moderately wounded.
Something hits you but does no damage. Dowan casts a spell at you.
The puff of frost hits you!
* * * LOW HITPOINT WARNING * * *
You closely miss Dowan.
Dowan is moderately wounded.
Dowan hits you but does no damage. Something hits you!
You die...

.#.#####.......#.#
...........#####.#
##.######.....#
##.##.# #
#.##.##.#
#.......#
####.#### #.# #@#
#e# #.# ..# ..#
..## .# #.


You could see Dowan.

Vanquished Creatures
  3 crimson imps (D:3)
  A hound (D:4)
  Crazy Yiuf (D:2)
  Jessica (D:3)
  An iguana (D:4)
  Robin (D:2)
  3 adders (D:3)
  A shadow imp (D:3)
  An adder skeleton (D:3)
  4 worms
  3 dart slugs
  4 orcs (D:3)
  2 bats (D:1)
  5 giant cockroaches
  7 goblins
  8 hobgoblins
  3 quokkas
  4 frilled lizards
  7 kobolds
  5 rats
65 creatures vanquished.

Notes
Turn   | Place    | Note
-------+----------+-------------------------------------------
     0 | D:1      | Zhenya24pyc the Gargoyle Fighter began the quest for the Orb.
     0 | D:1      | Reached XP level 1. HP: 14/14 MP: 1/1
   148 | D:1      | Reached XP level 2. HP: 16/19 MP: 2/2
   347 | D:1      | Reached skill level 3 in Maces & Flails
   529 | D:2      | Noticed Robin
   544 | D:2      | Killed Robin
   544 | D:2      | Reached XP level 3. HP: 17/23 MP: 3/3
   818 | D:2      | Reached skill level 4 in Maces & Flails
  1153 | D:2      | Reached XP level 4. HP: 28/28 MP: 4/4
  1407 | D:2      | Found a runed door.
  1411 | D:2      | Noticed Crazy Yiuf
  1425 | D:2      | Killed Crazy Yiuf
  1859 | D:3      | Reached skill level 5 in Maces & Flails
  1859 | D:3      | Reached XP level 5. HP: 19/32 MP: 5/5
  1918 | D:3      | Found a shimmering altar of Xom.
  2780 | D:3      | Noticed Jessica
  2790 | D:3      | Killed Jessica
  2790 | D:3      | Reached XP level 6. HP: 28/37 MP: 6/6
  2890 | D:4      | Noticed Duvessa
  2893 | D:4      | Noticed Dowan
  3141 | D:4      | Noticed Sigmund
  3149 | D:4      | Slain by Sigmund

Skill      XL: |  1  2  3  4  5  6 |
---------------+-------------------+-----
Maces & Flails | 3 4 5 |  5.8
Armour         | 4 |  4.0
Fighting       | |  3.9
Shields        | |  3.9

Action                   |  1- 3 |  4- 6 || total
-------------------------+-------+-------++-------
Melee: Flail             |   141 |    14 ||   155
       Mace              |       |   499 ||   499
 Stab: Invisible         |       |     1 ||     1
  Eat: Chunk             |     1 |     4 ||     5
       Bread ration      |       |     1 ||     1
Armor: Scale mail        |    67 |   246 ||   313
Dodge: Dodged            |    41 |   133 ||   174
Block: Shield            |    64 |   212 ||   276
